 Dungeon Crawl Stone Soup version 0.31-a0-865-g3d5d91748a (webtiles) character file.

Game seed: 11186739831377604152

413 Joey1 the Chopper (level 6, 0/84 HPs)
             Began as a Minotaur Berserker on Oct 10, 2023.
             Was a Believer of Trog.
             Succumbed to a kobold brigand's curare-tipped dart
             ... in a sewer.
             The game lasted 00:03:24 (2154 turns).

Joey1 the Chopper (Minotaur Berserker)              Turns: 2154, Time: 00:03:25

Health: 0/84       AC: 12    Str: 24    XL:     6   Next: 59%
Magic:  5/5        EV: 12    Int:  4    God:    Trog [**....]
Gold:   90         SH:  0    Dex: 11    Spells: 5/5 levels left

rFire   . . .        a - +0 hand axe
rCold   . . .        (no shield)
rNeg    . . .        d - +0 plate armour
rPois   .            (helmet restricted)
rElec   .            (no cloak)
rCorr   .            (no gloves)
SInv    .            (no boots)
Will    ++...        (no amulet) Stlth
                     j - ring of Conflict {EV+5 Dex+2}
HPRegen 1.34/turn    (no ring)
MPRegen 0.09/turn

%: no passive effects
@: berserking, lethally poisoned (0 -> -2), strong-willed, regenerating, slowed
A: horns 2, retaliatory headbutt
a: Renounce Religion, Berserk, Trog's Hand


You were in a sewer.
You worshipped Trog.
Trog was pleased with you.
You visited 1 branch of the dungeon, and saw 3 of its levels.
You also visited: Sewer.

You collected 90 gold pieces.

Inventory:

Hand Weapons
 a - a +0 hand axe (weapon)
Armour
 b - a +0 animal skin
 d - a +0 plate armour (worn)
Jewellery
 j - the ring of Conflict (left hand) {EV+5 Dex+2}
   (You found it in a sewer)

   [ring of evasion]

   EV+5:      It affects your evasion (+5).
   Dex+2:     It affects your dexterity (+2).
Scrolls
 c - 2 scrolls of teleportation {unknown}
 e - 2 scrolls of blinking {unknown}
 i - a scroll of fog {unknown}
Potions
 f - 2 potions of curing {unknown}
 g - a potion of magic {unknown}
 h - 3 potions of heal wounds {unknown}
 k - a potion of mutation {unknown}


   Skills:
 - Level 5.0 Fighting
 * Level 7.1 Axes
 + Level 4.9 Armour
 - Level 2.1 Dodging


You had 5 spell levels left.
You didn't know any spells.
Your spell library was empty.

Dungeon Overview and Level Annotations

Branches:
Dungeon (3/15)              Sewer (1/1)

Altars:


Innate Abilities, Weirdness & Mutations

You have a pair of horns on your head.
You reflexively headbutt those who attack you in melee.


Message History

You are more poisoned.
You have difficulty breathing.
You feel as though you will be slow longer.
The kobold barely misses you.
The kobold brigand throws a curare-tipped dart.
The curare-tipped dart closely misses you.
Found a gate leading back out of this place.
* * * LOW HITPOINT WARNING * * *
You feel extremely sick. The kobold hits you but does no damage.
* * * LOW HITPOINT WARNING * * *
You feel extremely sick. The kobold attacks as it pursues you!
The kobold hits you but does no damage. The kobold brigand closely misses you.
You furiously retaliate!
You headbutt the kobold brigand, but do no damage.
The kobold hits you with a +0 dagger.
* * * LOW HITPOINT WARNING * * *
The kobold brigand hits you with a +0 dagger.
* * * LOW HITPOINT WARNING * * *
A red film seems to cover your vision as you go berserk!
You feel yourself moving faster!
You feel mighty!
* * * LOW HITPOINT WARNING * * *
You feel very sick. The kobold barely misses you.
The kobold brigand hits you with a +0 dagger.
* * * LOW HITPOINT WARNING * * *
You slash the kobold brigand!
Your headbutt misses the kobold brigand.
The kobold brigand is heavily wounded.
You barely miss the kobold.
* * * LOW HITPOINT WARNING * * *
You feel sick. The kobold closely misses you. You furiously retaliate!
You headbutt the kobold.
You kill the kobold!
Trog accepts your kill.
The kobold brigand hits you with a +0 dagger.
* * * LOW HITPOINT WARNING * * *
You slash the kobold brigand!
The kobold brigand is severely wounded.
You die...

.#.~≈# .#.~~# .#.~~#
.#.~~###+++##
.#..≈##.....#########
###.###..⌠...#≈≈≈≈≈≈##
≈#...#)....⌠.'......?###
≈≈...÷.⌠._...'.).....?∩#
~#...#)....⌠.'.)@K..?#
###.###..⌠...#~≈≈≈≈~##
.#.~≈##.....#########
.#..≈###'''##
.#.~≈##≈)).~#
.#)~~##≈...≈#
.#.≈≈##≈...~#
.'..~##≈...≈#
###.###≈...≈#


You could see a kobold brigand.

Vanquished Creatures
  Grinder (Sewer)
  A wight (Sewer)
  An orc priest (D:2)
  An orc wizard (D:2)
  An adder (D:2)
  A river rat (D:3)
  A shadow imp (Sewer)
  2 ufetubi (Sewer)
  4 orcs (D:2)
  4 ball pythons
  6 endoplasms
  3 giant cockroaches (Sewer)
  2 goblins
  4 hobgoblins
  2 jackals (D:1)
  A quokka (D:2)
  7 bats
  2 frilled lizards
  16 kobolds
  2 kobold zombies (Sewer)
  4 rats
66 creatures vanquished.

Notes
Turn   | Place    | Note
-------+----------+-------------------------------------------
     0 | D:1      | Joey1 the Minotaur Berserker began the quest for the Orb.
     0 | D:1      | Reached XP level 1. HP: 19/19 MP: 0/0
   280 | D:1      | Found a faded altar of an unknown god.
   437 | D:1      | Reached skill level 4 in Axes
   461 | D:1      | Reached XP level 2. HP: 27/27 MP: 1/1
  1292 | D:2      | Reached XP level 3. HP: 33/33 MP: 2/2
  1302 | D:2      | Reached XP level 4. HP: 39/40 MP: 3/3
  1312 | D:2      | Reached skill level 5 in Axes
  1778 | D:3      | Found a glowing drain.
  1783 | Sewer    | Entered a sewer
  1798 | Sewer    | Reached ** piety under Trog
  1883 | Sewer    | Reached XP level 5. HP: 47/47 MP: 4/4
  1902 | Sewer    | Found an ancient bone altar of Kikubaaqudgha.
  1918 | Sewer    | Reached skill level 6 in Axes
  2099 | Sewer    | Noticed Grinder
  2117 | Sewer    | Killed Grinder
  2118 | Sewer    | Reached skill level 5 in Fighting
  2118 | Sewer    | Reached skill level 7 in Axes
  2118 | Sewer    | Reached XP level 6. HP: 52/56 MP: 5/5
  2125 | Sewer    | Identified the ring of Conflict {EV+5 Dex+2}
  2152 | Sewer    | HP: 3/84 [kobold brigand/+0 dagger (2)]
  2153 | Sewer    | HP: 1/84 [kobold brigand/+0 dagger (1)]
  2154 | Sewer    | Succumbed to a kobold brigand's curare-tipped dart

Illustrated notes

Levels and vault maps discovered:
D:1:      minmay_arrival_loop, layout_loops_corners,
          dreamdust_ecumenical_altar_hidden_monk_grotto,
          chequers_serial_rivers_marsh
D:2:      layout_loops_ring
D:3:      layout_basic, yredelemnul_altar_generic, gup_sewer_entry_bowl,
          uniq_robin
Sewer:    kennysheep_sewer_church

Skill      XL: |  1  2  3  4  5 |
---------------+----------------+-----
Axes           | 4 5 7 |  7.1
Fighting       | 4 5 |  5.0
Armour         | 3 4 |  4.9
Dodging        | |  2.1

Action                     |  1- 3 |  4- 6 || total
---------------------------+-------+-------++-------
  Melee: Hand axe          |    61 |    82 ||   143
         Headbutt          |     8 |    10 ||    18
         Punch             |       |     2 ||     2
 Invoke: Berserk           |       |     2 ||     2
         Trog's Hand       |       |     2 ||     2
 Armour: Animal skin       |     9 |       ||     9
         Plate armour      |    40 |    67 ||   107
  Dodge: Dodged            |    15 |    27 ||    42

Table legend: (Time is in decaauts)
 A = Elapsed time spent in this place.
 B = Non-inter-level travel time spent in this place.
 C = Inter-level travel time spent in this place.
 D = Time resting spent in this place.
 E = Time spent auto-exploring this place.
 F = Levels seen in this place.
 G = Mean time per level.
                   A        B        C        D        E       F      G
               +--------+--------+--------+--------+--------+-----+--------+
         Total |   2181 |   2110 |     71 |    189 |   1548 |   4 |  545.2 |
       Dungeon |   1796 |   1725 |     71 |      0 |   1481 |   3 |  598.7 |
         Sewer |    385 |    385 |      0 |    189 |     66 |   1 |  385.0 |
               +--------+--------+--------+--------+--------+-----+--------+

Top non-repeatable levels by time:
     D:1: 953 daAuts
     D:2: 728 daAuts
   Sewer: 385 daAuts
     D:3: 115 daAuts
